Cogmind - Beta 12 @@@ ROGUE MODE // 2023.11.13 @ 12:41:11 Player: Cmdr.Laserstrahl Result: Self-destructed Performance ------------- Evolutions (2) 1000 Regions Visited (3) 600 Robots Destroyed (45) 225 Value Destroyed (1069) 1069 Prototype IDs (4) 80 Alien Tech Used (0) 0 Bonus (87) 87 TOTAL SCORE: 3061 Bonus ------- High Alert Combat Kills 87 Cogmind --------- Core Integrity 550/550 Matter 290/300 Energy 280/280 System Corruption 0% Temperature Cool (0) Movement Walking (120) Location -8/Materials Parts ------- > --- POWER (1) -------- Heavy Ion Engine > --- PROPULSION (3) --- Aluminum Leg Improved Aluminum Leg > --- UTILITY (4) ------ Cooling System Small Storage Unit Signal Interpreter > --- WEAPON (3) ------- Advanced Beam Cannon Heavy Assault Rifle > --- INVENTORY (8) ---- Heavy Ion Engine Medium Storage Unit EM Pulse Gun Improved Medium Laser Improved Assault Rifle Grenade Launcher Mini Grenade Launcher Maul Peak State ------------ > --- POWER ------------ Heavy Ion Engine > --- PROPULSION ------- Improved Aluminum Leg Improved Aluminum Leg > --- UTILITY ---------- Small Storage Unit Signal Interpreter Improved Targeting Computer Light Armor Plating > --- WEAPON ----------- Improved Medium Laser Advanced Beam Cannon > --- INVENTORY -------- Improved Ion Engine Heavy Ion Engine Medium Storage Unit EM Pulse Gun Medium Laser Assault Rifle Grenade Launcher Maul [Rating: 19] Favorites ----------- Power Heavy Ion Engine Engine Heavy Ion Engine Propulsion Improved Aluminum Leg Treads Light Treads Leg Improved Aluminum Leg Wheel Wheel Utility Small Storage Unit Device Cooling System Storage Small Storage Unit Processor Signal Interpreter Protection Light Armor Plating Weapon Advanced Beam Cannon Energy Gun Medium Laser Energy Cannon Advanced Beam Cannon Ballistic Gun Assault Rifle Launcher Grenade Launcher Build | -11 -10 -9 -8 ------- Run | Jun Mat Mat Mat Slots Evolved 4 | . . 2 2 Power . | . . . . Propulsion 1 | . . . 1 Utility 2 | . . 2 . Weapon 1 | . . . 1 Parts Attached 49 | 6 10 33 . Power 6 | 1 3 2 . Engine 6 | 1 3 2 . Core . | . . . . Reactor . | . . . . Propulsion 9 | 2 1 6 . Treads 1 | . . 1 . Leg 4 | . . 4 . Wheel 4 | 2 1 1 . Hover . | . . . . Flight . | . . . . Utility 15 | 1 2 12 . Device 5 | . 2 3 . Storage 4 | 1 . 3 . Processor 3 | . . 3 . Hackware . | . . . . Protection 3 | . . 3 . Artifact . | . . . . Weapon 19 | 2 4 13 . Energy Gun 4 | 1 . 3 . Energy Cannon 2 | . . 2 . Ballistic Gun 7 | 1 2 4 . Ballistic Cannon . | . . . . Launcher 6 | . 2 4 . Special Weapon . | . . . . Impact Weapon . | . . . . Slashing Weapon . | . . . . Piercing Weapon . | . . . . Special Melee Weapon . | . . . . Unidentified Prototypes 4 | . . 4 . Parts Lost 9 | . 4 5 . Power 1 | . 1 . . Propulsion 2 | . 1 1 . Utility 3 | . 1 2 . Weapon 3 | . 1 2 . Highest Loss Streak 3 | . 3 3 . To Critical Strikes . | . . . . Average Slot Usage (%) 92 | . 90 94 72 Engine 11 | . 13 11 9 Treads 1 | . . 2 . Leg 11 | . . 14 18 Wheel 9 | . 27 5 . Device 7 | . 6 8 9 Storage 11 | . 14 11 9 Processor 10 | . . 12 9 Protection 5 | . . 7 . Energy Gun 3 | . 8 2 . Energy Cannon 6 | . . 8 9 Ballistic Gun 10 | . 14 9 9 Launcher 2 | . 5 1 . Naked Turns . | . . . . Heaviest Build 25 | 12 15 25 22 Greatest Support 26 | 20 26 26 23 Greatest Overweight (x) 1 | . 1 1 . Average Overweight (x) . | . . . . Largest Inventory Capacity 10 | 8 8 10 8 Average Capacity 7 | 6 8 8 8 Most Carried 8 | 3 8 8 8 Average Carried 7 | 1 6 7 8 Final Capacity 8 | 8 8 8 8 Final Carried 8 | 3 6 8 8 Class Distribution -------------------- 63% | Mutant 36% | Scavenger-Mutant Dominant Class ---------------- Mutant | -10/Materials Scavenger-Mutant | -9/Materials Mutant | -8/Materials Resources | -11 -10 -9 -8 ----------- Run | Jun Mat Mat Mat Matter Collected 1204 | 272 238 694 . Remotely . | . . . . Salvage Created 1378 | 92 449 837 . Parts 85 | 3 29 53 . Haulers Intercepted 3 | . 1 2 . Recyclers Shooed 3 | . 2 1 . Parts Field Recycled . | . . . . Retrieved Matter . | . . . . Parts Self-Destructed . | . . . . Prevented . | . . . . Kills | -11 -10 -9 -8 ------- Run | Jun Mat Mat Mat Combat Hostiles Destroyed 32 | . 14 18 . Guns 12 | . 9 3 . Cannons 7 | . . 7 . AOE 13 | . 5 8 . Classes Destroyed 9 | 1 5 3 . Builder 1 | . . 1 . Hauler 3 | . 1 2 . Recycler 3 | 1 . 2 . Operator 1 | . 1 . . Watcher 5 | . 1 4 . Swarmer 12 | . 6 6 . Grunt 14 | . 8 6 . Duelist 1 | . . 1 . Sentry 5 | . . 5 . Best Kill Streak 6 | 1 6 5 . Combat Bots Only 5 | . 5 4 . Max Kills in Single Turn 3 | 1 3 3 . Gunslinging . | . . . . Exploded 3 | . 3 2 . Melee . | . . . . Uniques/NPCs Destroyed . | . . . . Combat | -11 -10 -9 -8 -------- Run | Jun Mat Mat Mat Damage Taken 1724 | . 531 1193 . Core 289 | . 70 219 . Absorbed by Shields . | . . . . Core Remaining (%) 72 | 100 72 45 . Volleys Fired 128 | 4 49 75 . Largest 2 | 2 2 2 . Hottest 113 | 70 70 113 . Shots Fired 236 | 8 84 144 . Gun 166 | 8 75 83 . Cannon 46 | . . 46 . Launcher 24 | . 9 15 . Special . | . . . . Kinetic 99 | 4 41 54 . Thermal 104 | 4 34 66 . Explosive 24 | . 9 15 . Electromagnetic 9 | . . 9 . Robot Hit Streak 13 | 3 10 13 . Robot Miss Streak 3 | 1 3 3 . Penetration Max . | . . . . Secondary Targets 1 | . 1 . . Max Gunslinging Chain 1 | . 1 . . Shots Hit Robots 135 | 6 48 81 . Core Hits 73 | 1 32 40 . Critical Kills . | . . . . Critical Parts Destroyed 1 | . . 1 . Critical Strikes 3 | . 1 2 . Burn 2 | . 1 1 . Destroy 1 | . . 1 . Melee Attacks . | . . . . Impact . | . . . . Slashing . | . . . . Piercing . | . . . . Sneak Attacks . | . . . . Combat Hostiles . | . . . . Follow-up Attacks . | . . . . Damage Inflicted 2889 | 79 910 1900 . Guns 1278 | 79 565 634 . Cannons 493 | . . 493 . Explosions 1109 | . 345 764 . Melee . | . . . . Ramming 9 | . . 9 . Kinetic 765 | 54 313 398 . Thermal 1026 | 25 252 749 . Explosive 989 | . 345 644 . Electromagnetic 100 | . . 100 . Impact . | . . . . Slashing . | . . . . Piercing . | . . . . Highest Corruption 1 | . . 1 . Average Corruption 1 | . . 1 . Corruption Purged . | . . . . Corruption Blocked . | . . . . Effects 8 | . . 8 . Message Errors 1 | . . 1 . Matter Fused 2 | . . 2 . Heat Flow Errors 2 | . . 2 . Energy Discharges 1 | . . 1 . Parts Rejected 1 | . . 1 . Data Loss (minor) 1 | . . 1 . Overload Shots . | . . . . Overflow Damage 38 | . 8 30 . Projectiles . | . . . . Explosions 38 | . 8 30 . Melee . | . . . . Knockbacks . | . . . . Impact . | . . . . Kinetic . | . . . . Secondary . | . . . . Self-Inflicted Damage 67 | . . 67 . Shots 2 | . . 2 . Rammed . | . . . . Targets Rammed 3 | . . 3 . Kicked 3 | . . 3 . Crushed . | . . . . Highest Temperature 366 | 36 114 366 . Average Temperature 96 | 19 45 128 . Received Heat Transfer 780 | . 285 495 . Effects 4 | . . 4 . Shutdowns 1 | . . 1 . Interference 1 | . . 1 . Short Circuit 2 | . . 2 . Siege Activations . | . . . . Robots Corrupted . | . . . . Combat Hostiles . | . . . . Parts Fried . | . . . . Impact Corruptions . | . . . . Robots Melted . | . . . . Combat Hostiles . | . . . . Parts Melted 5 | . . 5 . Heat Transferred 2407 | 74 814 1519 . Parts Sabotaged . | . . . . Parts Stolen . | . . . . Parts Stripped . | . . . . Power Chain Reactions 2 | . . 2 . Missiles Intercepted . | . . . . Alert | -11 -10 -9 -8 ------- Run | Jun Mat Mat Mat Peak Influence 617 | 5 460 617 208 Initial 204 | . 3 194 204 Average 397 | 1 249 465 205 Maximum Alert Level 2 | . 2 2 1 Low Security (%) 12 | 100 30 4 . Level 1 29 | . 51 20 100 Level 2 58 | . 18 75 . Level 3 . | . . . . Level 4 . | . . . . Level 5 . | . . . . High Security . | . . . . Max Security . | . . . . Squads Dispatched 4 | . 2 2 . Investigation 1 | . 1 . . Extermination . | . . . . Reinforcement 2 | . 1 1 . Assault 1 | . . 1 . Garrison . | . . . . Intercept . | . . . . Searches Triggered . | . . . . Construction Impeded . | . . . . Haulers Reinforced . | . . . . Active Scanning Responses . | . . . . Cargo Convoy Interrupts . | . . . . Stealth | -11 -10 -9 -8 --------- Run | Jun Mat Mat Mat Distress Signals 2 | . 1 1 . Communications Jammed . | . . . . Distress Signals . | . . . . Times Spotted 60 | . 23 37 . Peak Tracking Total 6 | . 6 5 . Tactical Retreats 3 | . 1 2 . Traps | -11 -10 -9 -8 ------- Run | Jun Mat Mat Mat Traps Triggered 2 | . 1 1 . Indirectly . | . . . . Trap Hack Attempts . | . . . . Triggered . | . . . . Disarmed . | . . . . Reprogrammed . | . . . . Reused . | . . . . Traps Extracted . | . . . . Installed . | . . . . Triggered . | . . . . Machines | -11 -10 -9 -8 ---------- Run | Jun Mat Mat Mat Machines Disabled 5 | . 3 2 . Max in Single Turn 1 | . 1 1 . Machines Repaired . | . . . . Machines Sabotaged . | . . . . Overloaded Fab Kills . | . . . . Hacking | -11 -10 -9 -8 --------- Run | Jun Mat Mat Mat Machines Accessed 15 | . 4 10 1 Terminals 8 | . 2 5 1 Fabricators . | . . . . Repair Stations 2 | . 1 1 . Recycling Units 3 | . 1 2 . Scanalyzers 2 | . . 2 . Garrison Access . | . . . . Total Hacks 27 | . 4 21 2 Successful 16 | . 2 13 1 Failed 11 | . 2 8 1 Catastrophic 2 | . . 2 . Database Lockouts . | . . . . Manual . | . . . . Terminals 12 | . 2 8 2 Fabricators . | . . . . Repair Stations 3 | . 1 2 . Recycling Units 4 | . 1 3 . Scanalyzers 8 | . . 8 . Garrison Access . | . . . . Terminal Hacks 4 | . 1 2 1 Alert Level 1 | . . 1 . Locate Traps 2 | . 1 . 1 Zone Layout 1 | . . 1 . Fabricator Hacks . | . . . . Repair Station Hacks 1 | . . 1 . Scan Component 1 | . . 1 . Recycling Unit Hacks 3 | . 1 2 . Report Inventory 3 | . 1 2 . Scanalyzer 8 | . . 8 . Insert Component 4 | . . 4 . Analyze 4 | . . 4 . Garrison Access Hacks . | . . . . Unauthorized Hacks . | . . . . Terminals . | . . . . Fabricators . | . . . . Repair Stations . | . . . . Recycling Units . | . . . . Scanalyzers . | . . . . Garrison Access . | . . . . Data Cores Recovered 1 | . 1 . . Used . | . . . . Hacking Detections 14 | . 4 10 . Full Trace Events 1 | . . 1 . Feedback Events 1 | . . 1 . Corruption 1 | . . 1 . Feedback Blocked . | . . . . Robot Schematics Acquired . | . . . . Robots Built . | . . . . Authchips . | . . . . Time . | . . . . Total Robot Build Rating . | . . . . Part Schematics Acquired 3 | . . 3 . Parts Built . | . . . . Authchips . | . . . . Time . | . . . . Total Part Build Rating . | . . . . Parts Repaired . | . . . . Time . | . . . . Parts Recycled . | . . . . Recycled Matter . | . . . . Retrieved Matter . | . . . . Retrieved Components . | . . . . Parts Scanalyzed 4 | . . 4 . Part Schematics Acquired 3 | . . 3 . Parts Damaged . | . . . . Bothacking | -11 -10 -9 -8 ------------ Run | Jun Mat Mat Mat Used RIF Installer . | . . . . Robots Hacked . | . . . . Non-combat . | . . . . Combat . | . . . . Robot Hacks Applied . | . . . . Relay Couplers Released . | . . . . Fabnet Peak Effective % . | . . . . Robots Rewired . | . . . . Allies Hacked . | . . . . Hacks Repelled . | . . . . Allies | -11 -10 -9 -8 -------- Run | Jun Mat Mat Mat Total Allies . | . . . . Largest Group . | . . . . Highest-Rated Group . | . . . . Highest-Rated Ally . | . . . . Total Orders . | . . . . Ally Attacks . | . . . . Total Damage . | . . . . Kills . | . . . . Allies Corrupted . | . . . . Allies Melted . | . . . . Intel | -11 -10 -9 -8 ------- Run | Jun Mat Mat Mat Robot Analysis Total . | . . . . Derelict Logs Recovered . | . . . . Drone Launches . | . . . . Drone Recoveries . | . . . . Exploration | -11 -10 -9 -8 ------------- Run | Jun Mat Mat Mat Turns Passed 1819 | 57 364 1323 75 Spaces Moved 1048 | 39 238 709 62 Core 3 | 3 . . . Treads . | . . . . Legs 540 | . . 478 62 Wheels 505 | 36 238 231 . Hover . | . . . . Flight . | . . . . Fastest Speed 50 | 50 80 90 120 Average Speed 126 | 77 85 143 120 Slowest Speed 190 | 80 95 190 120 Overloaded Moves . | . . . . Propulsion Burnouts . | . . . . Robots Hopped . | . . . . Cave-ins Triggered . | . . . . Exploration Rate (%) 34 | 4 59 65 10 Regions Visited 3 Branch Regions . Pre-discovered Areas . | . . . . Known Exits Taken 1 | . . 1 . Unknown Exits Taken 2 | 1 1 . . Scrap Searched . | . . . . Spaces Dug 5 | . 5 . . Terrain Destroyed 100 | . 35 65 . Melee . | . . . . Projectile . | . . . . AOE 100 | . 35 65 . Terrain Rammed . | . . . . Walls Destroyed . | . . . . Machines Disabled . | . . . . Actions | -11 -10 -9 -8 --------- Run | Jun Mat Mat Mat Total 1304 | 57 314 871 62 Wait 18 | . 2 16 . Move 1045 | 38 237 708 62 Hop . | . . . . Pick Up 35 | 9 12 14 . Fast Attach 9 | . . 9 . Attach 18 | 6 5 7 . Detach 3 | . . 3 . Swap 22 | . 5 17 . Drop 23 | . 4 19 . Fire 128 | 4 49 75 . Melee . | . . . . Ram . | . . . . Kick 3 | . . 3 . Crush . | . . . . Escape Stasis . | . . . . Rewire . | . . . . Trap . | . . . . Miscellaneous . | . . . . Route ------- -11/Junkyard -10/Materials -9/Materials -8/Materials History --------- Turn | Location | Event 12 | -11/Junkyard | Discovered new exit (range 16) 58 | -11/Junkyard | Entered Materials 269 | -10/Materials | Lost 3 parts (1p1u1w) 301 | -10/Materials | Build established: Mutant 401 | -10/Materials | Discovered new exit (range 13) 422 | -10/Materials | Entered another Materials area 422 | -9/Materials | Evolved 2 slots: Utility x2 732 | -9/Materials | Lost 3 parts (1n1u1w) 1513 | -9/Materials | Discovered new exit (range 12) 1530 | -9/Materials | Identified exit to Materials 1548 | -9/Materials | Build established: Scavenger-Mutant 1622 | -9/Materials | First assault squad dispatched 1706 | -9/Materials | Core integrity fell below 50% 1745 | -9/Materials | Entered another Materials area 1745 | -8/Materials | Evolved 2 slots: Propulsion x1, Weapon x1 1820 | -8/Materials | Self-destructed Last Messages --------------- 01689_ L-31 Rogue unfolds itself. 01689_ M-13 Machinist unfolds itself. 01690_ K-01 Serf destroyed. 01691_ K-01 Serf collects debris. 01703_ R-06 Scavenger collects Wheel. 01705_ Critical hit (Burn: +37). 01718_ Lgt. Armor Plating destroyed. 01727_ M-13 Machinist repairs G-34 Mercenary. 01741_ System corrupted: Aluminum Leg rejected. 01741_ Acquired Aluminum Leg. PARAMETERS=PROPULSION+1,WEAPON+1 LOCATION=MATERIALS GOAL=ESCAPE 01789_ K-01 Serf cleans the Terminal. 01795_ Connecting with Terminal... >>Traps(Locate) Found 6 traps in 1 array: 6x Blade Trap Map updated. 01798_ K-01 Serf cleans the Terminal. Map ----- +----------------------------------------------------+ | ??????????????# """ """ #????? | | ??????????????# """ """ #????? | | ??????????????# #????? | | ??????????????# #????? | | ??????????????# #????? | | ??????????????# #????? | | ????########??####+##+###????? | | ????# #?????# #??????? | | ????# "" ####### ######## | | ????# T" # | | ????# "" # ########### | | ????# + ##+###?????????? | | ????# # # ??????????? | | ????###+#### # ! """????????? | | ??????# # """#???????? | | ??????# # ! """#???????? | | ??????# ###### #???????? | | ??????# #############???????? | | ####### ## #?????????? | | # # ## """ #?????????? | | # !! # + """ #?????????? | | # !! # ## """ #?????????? | | #[ !! # ## #?????????? | | # # ## """ #?????????? | | # """ + ## """ #?????????? | | # """@# ## """ + ????????? | | # """ # ## # ???????? | | # # #########???????????? | | # # ??^^???^???????????? | | #[ ! # ???????^????^?????? | | # # ?????????????????? | | ############ ?^??????????????? | | ???????????? ???????????????? | | ????????????? ???????????????? | | ?????????????? ??????????????? | | ??????????????? ?????????????? | | ???????????????#?????????????? | | ?????????????????????????????? | | ?????????????????????????????? | | ?????????????????????????????? | | ?????????????????????????????? | | ?????????????????????????????? | | ?????????????????????????????? | | ?????????????????????????????? | | ?????????????????????????????? | | | | | | | | | | | +----------------------------------------------------+ Best States ------------- Heat Dissipation 53 Energy Generation 14 Energy Capacity 280 Matter Stores 300 Matter Capacity 300 Sight Range 16 Robot Scan Range 14 Terrain Scan Density 10 Armor Coverage 150 Evasion (%) 55 Targeting Accuracy 6 Item Schematics ----------------- Grenade Launcher | -9/Materials | Scanalyzed Adv. Beam Cannon | -9/Materials | Scanalyzed Cooling System | -9/Materials | Scanalyzed Robot Schematics ------------------ None Fabricated ------------ Nothing Alien Tech Used ----------------- None Achievements -------------- None Challenges ------------ None Game ------ Seed RocketHeartRipper Manual? 0 Play Time 01:23:01 Cumulative 138.5 hours Start 2023.08.31 @ 09:40:29 End 2023.11.13 @ 12:41:11 Sessions 3 Manual Loads 0 Difficulty Rogue Special Mode None Game No. 65 Rogue 62 Adventurer 3 Explorer 0 Win Type - Total 0 Types 0/0/0/0/0/0/0/0/0 Lore% 23 Gallery% 43 Achievement% 28 Wizard Run 0 Options --------- ASCII 0 Keyboard 0 Movement Mouse Keybinds 0 Fullscreen 1 Font 18/SmallcapsGlow Map View 76x50 Tactical HUD 1 Map Filters NONE Filters NONE Steam 1 RUN: 9433ba4f-1ab7-4968-a1d3-43687c40e424